Cogmind - Beta 10.2 @@@ ROGUE MODE // 2021.01.19 @ 18:37:39 Player: Boris Result: Destroyed by 8R-AWN with 8R-AWN's Boregun Performance ------------- Evolutions (0) 0 Regions Visited (3) 600 Robots Destroyed (21) 105 Value Destroyed (369) 369 Prototype IDs (23) 460 Alien Tech Used (0) 0 Bonus (321) 321 TOTAL SCORE: 1855 Bonus ------- Follower Combat Kills 21 Aligned with FarCom 300 Cogmind --------- Core Integrity 0/250 Matter 79/300 Energy 126/265 System Corruption 2% Temperature Cool (0) Movement Core (150) Ox2 Location -10/Exiles Parts ------- > --- POWER (1) -------- Improved Ion Engine > --- PROPULSION (2) --- Light Treads > --- UTILITY (2) ------ (None) > --- WEAPON (2) ------- (None) > --- INVENTORY (4) ---- XL Autogun Array Peak State ------------ > --- POWER ------------ Improved Ion Engine > --- PROPULSION ------- Light Treads Wheel > --- UTILITY ---------- Medium Storage Unit High-capacity Storage Unit > --- WEAPON ----------- Assault Rifle Light Assault Rifle > --- INVENTORY -------- Improved Ion Engine Light Treads Lightpack 2.0 Salvage Targeting Computer Light Armor Plating PSU Rigger XL Autogun Array [Rating: 15] Favorites ----------- Power Improved Ion Engine Engine Improved Ion Engine Propulsion Light Treads Treads Light Treads Wheel Wheel Utility High-capacity Storage Unit Storage High-capacity Storage Unit Processor Salvage Targeting Computer Protection Light Armor Plating Weapon Assault Rifle Energy Gun Medium Laser Ballistic Gun Assault Rifle Launcher Grenade Launcher Build | -11 -10 -10 -10 ------- Run | Scr Mat Min Exi Slots Evolved . | . . . . Power . | . . . . Propulsion . | . . . . Utility . | . . . . Weapon . | . . . . Parts Attached 36 | 6 13 5 12 Power 4 | 1 1 1 1 Engine 4 | 1 1 1 1 Core . | . . . . Reactor . | . . . . Propulsion 11 | 2 1 2 6 Treads 8 | 1 . 2 5 Leg . | . . . . Wheel 3 | 1 1 . 1 Hover . | . . . . Flight . | . . . . Utility 5 | 1 2 . 2 Device . | . . . . Storage 3 | 1 2 . . Processor 1 | . . . 1 Hackware . | . . . . Protection 1 | . . . 1 Artifact . | . . . . Weapon 16 | 2 9 2 3 Energy Gun 5 | 1 4 . . Energy Cannon . | . . . . Ballistic Gun 6 | 1 1 1 3 Ballistic Cannon . | . . . . Launcher 5 | . 4 1 . Special Weapon . | . . . . Impact Weapon . | . . . . Slashing Weapon . | . . . . Piercing Weapon . | . . . . Special Melee Weapon . | . . . . Unidentified Prototypes . | . . . . Parts Lost 10 | . 1 . 9 Power 1 | . . . 1 Propulsion 3 | . . . 3 Utility 1 | . . . 1 Weapon 5 | . 1 . 4 Highest Loss Streak 9 | . 1 . 9 Average Slot Usage (%) 97 | . 97 100 95 Engine 13 | . 14 14 13 Treads 19 | . 14 24 18 Wheel 8 | . 14 3 8 Storage 22 | . 25 28 15 Processor 2 | . . . 5 Protection 1 | . . . 4 Energy Gun 2 | . 9 . . Ballistic Gun 24 | . 17 28 27 Naked Turns 1 | . . . 1 Heaviest Build 52 | 13 52 50 50 Greatest Support 40 | 20 16 40 40 Greatest Overweight (x) 5 | 1 5 3 4 Average Overweight (x) 2 | . 3 1 2 Largest Inventory Capacity 16 | 6 16 16 16 Average Capacity 12 | 5 12 16 10 Most Carried 16 | 4 15 16 16 Average Carried 11 | 2 10 15 7 Final Capacity 16 | 6 16 16 4 Final Carried 16 | 4 15 16 4 Class Distribution -------------------- 100% | Mutant Dominant Class ---------------- Mutant | -10/Materials Mutant | -10/Mines Mutant | -10/Exiles Resources | -11 -10 -10 -10 ----------- Run | Scr Mat Min Exi Matter Collected 742 | 263 308 161 10 Remotely . | . . . . Salvage Created 623 | 69 483 71 . Parts 38 | 1 32 5 . Haulers Intercepted 2 | . 2 . . Recyclers Shooed 1 | . 1 . . Parts Field Recycled . | . . . . Retrieved Matter . | . . . . Parts Self-Destructed . | . . . . Prevented . | . . . . Kills | -11 -10 -10 -10 ------- Run | Scr Mat Min Exi Combat Hostiles Destroyed 13 | . 10 3 . Guns 5 | . 5 . . AOE 8 | . 5 3 . Classes Destroyed 7 | 2 5 . . Worker 1 | . 1 . . Builder 1 | . 1 . . Tunneler 1 | 1 . . . Hauler 2 | . 2 . . Recycler 3 | 1 1 1 . Swarmer 6 | . 3 3 . Grunt 7 | . 7 . . Best Kill Streak 4 | 1 3 4 . Combat Bots Only 3 | . 3 3 . Max Kills in Single Turn 4 | 1 2 4 . Gunslinging 1 | . 1 . . Exploded 3 | . 2 3 . Melee . | . . . . Uniques/NPCs Destroyed . | . . . . Combat | -11 -10 -10 -10 -------- Run | Scr Mat Min Exi Damage Taken 1411 | . 260 10 1141 Core 265 | . 51 . 214 Absorbed by Shields . | . . . . Core Remaining (%) 100 | 100 . . . Volleys Fired 95 | 4 41 1 49 Largest 2 | 2 2 1 2 Hottest 85 | 70 85 33 43 Shots Fired 167 | 8 76 1 82 Gun 160 | 8 70 . 82 Cannon . | . . . . Launcher 7 | . 6 1 . Special . | . . . . Kinetic 130 | 4 44 . 82 Thermal 30 | 4 26 . . Explosive 7 | . 6 1 . Electromagnetic . | . . . . Robot Hit Streak 12 | 5 12 . 10 Robot Miss Streak 4 | 1 4 1 2 Penetration Max . | . . . . Secondary Targets 1 | . 1 . . Max Gunslinging Chain 1 | . 1 . . Shots Hit Robots 116 | 6 50 . 60 Core Hits 45 | 3 29 5 8 Critical Hits 2 | . 1 . 1 Critical Kills . | . . . . Critical Parts Destroyed 1 | . 1 . . Melee Attacks . | . . . . Impact . | . . . . Slashing . | . . . . Piercing . | . . . . Sneak Attacks . | . . . . Combat Hostiles . | . . . . Follow-up Attacks . | . . . . Damage Inflicted 1855 | 73 917 203 662 Guns 1328 | 73 593 . 662 Cannons . | . . . . Explosions 527 | . 324 203 . Melee . | . . . . Ramming . | . . . . Kinetic 1028 | 25 341 . 662 Thermal 300 | 48 252 . . Explosive 527 | . 324 203 . Electromagnetic . | . . . . Impact . | . . . . Slashing . | . . . . Piercing . | . . . . Highest Corruption 2 | . 2 2 2 Average Corruption 2 | . 2 2 2 Corruption Purged . | . . . . Effects 25 | . 6 12 7 Message Errors 9 | . 2 4 3 Heat Flow Errors 3 | . 1 . 2 Energy Discharges 6 | . 2 3 1 Data Loss (minor) 6 | . . 5 1 Targeting Errors 1 | . 1 . . Overload Shots . | . . . . Overflow Damage . | . . . . Projectiles . | . . . . Explosions . | . . . . Melee . | . . . . Knockbacks . | . . . . Impact . | . . . . Kinetic . | . . . . Secondary . | . . . . Self-Inflicted Damage . | . . . . Shots . | . . . . Rammed . | . . . . Targets Rammed . | . . . . Kicked . | . . . . Crushed . | . . . . Highest Temperature 237 | 9 132 . 237 Average Temperature 26 | 6 24 . 30 Received Heat Transfer 117 | . 111 . 6 Siege Activations . | . . . . Robots Corrupted . | . . . . Combat Hostiles . | . . . . Parts Fried . | . . . . Impact Corruptions . | . . . . Robots Melted . | . . . . Combat Hostiles . | . . . . Parts Melted 1 | 1 . . . Heat Transferred 851 | 148 703 . . Parts Sabotaged . | . . . . Parts Stolen . | . . . . Parts Stripped . | . . . . Power Chain Reactions . | . . . . Missiles Intercepted . | . . . . Alert | -11 -10 -10 -10 ------- Run | Scr Mat Min Exi Peak Influence 197 | 10 197 97 . Initial 26 | . 6 26 . Average 47 | 3 69 33 . Maximum Alert Level . | . . . . Low Security (%) 100 | 100 100 100 . Level 1 . | . . . . Level 2 . | . . . . Level 3 . | . . . . Level 4 . | . . . . Level 5 . | . . . . High Security . | . . . . Max Security . | . . . . Squads Dispatched 2 | . 2 . . Investigation 1 | . 1 . . Extermination . | . . . . Reinforcement 1 | . 1 . . Assault . | . . . . Garrison . | . . . . Intercept . | . . . . Construction Impeded . | . . . . Haulers Reinforced . | . . . . Stealth | -11 -10 -10 -10 --------- Run | Scr Mat Min Exi Distress Signals 1 | . 1 . . Communications Jammed . | . . . . Distress Signals . | . . . . Times Spotted 27 | . 18 6 3 Peak Tracking Total 9 | . 5 3 9 Tactical Retreats . | . . . . Traps | -11 -10 -10 -10 ------- Run | Scr Mat Min Exi Traps Triggered 2 | . 2 . . Indirectly . | . . . . Trap Hack Attempts . | . . . . Triggered . | . . . . Disarmed . | . . . . Reprogrammed . | . . . . Reused . | . . . . Traps Extracted . | . . . . Installed . | . . . . Triggered . | . . . . Exploded 3 | . . . 3 Machines | -11 -10 -10 -10 ---------- Run | Scr Mat Min Exi Machines Disabled 3 | . . 1 2 Max in Single Turn 1 | . . 1 1 Machines Sabotaged . | . . . . Garrisons Compromised . | . . . . Overloaded Fab Kills . | . . . . Fab Network Shutdowns . | . . . . Hacking | -11 -10 -10 -10 --------- Run | Scr Mat Min Exi Machines Accessed 9 | . 8 . 1 Terminals 6 | . 6 . . Fabricators . | . . . . Repair Stations . | . . . . Recycling Units 2 | . 2 . . Scanalyzers . | . . . . Garrison Access . | . . . . Total Hacks 22 | . 21 . 1 Successful 9 | . 8 . 1 Failed 13 | . 13 . . Catastrophic . | . . . . Database Lockouts . | . . . . Manual 12 | . 11 . 1 Terminals 17 | . 17 . . Fabricators . | . . . . Repair Stations . | . . . . Recycling Units 4 | . 4 . . Scanalyzers . | . . . . Garrison Access . | . . . . Terminal Hacks 6 | . 5 . 1 Robot Analysis 2 | . 2 . . Branch Access Points 1 | . 1 . . Unreport Threat 1 | . 1 . . Zone Layout 1 | . 1 . . EX-Prototype ID Bank 1 | . . . 1 Fabricator Hacks . | . . . . Repair Station Hacks . | . . . . Recycling Unit Hacks 2 | . 2 . . Retrieve Components 2 | . 2 . . Scanalyzer . | . . . . Garrison Access Hacks . | . . . . Unauthorized Hacks 1 | . 1 . . Terminals 1 | . 1 . . Track 1 | . 1 . . Fabricators . | . . . . Repair Stations . | . . . . Recycling Units . | . . . . Scanalyzers . | . . . . Garrison Access . | . . . . Data Cores Recovered . | . . . . Used . | . . . . Hacking Detections 7 | . 7 . . Full Trace Events 1 | . 1 . . Feedback Events . | . . . . Feedback Blocked . | . . . . Robot Schematics Acquired . | . . . . Robots Built . | . . . . Matter . | . . . . Time . | . . . . Total Robot Build Rating . | . . . . Part Schematics Acquired . | . . . . Parts Built . | . . . . Matter . | . . . . Time . | . . . . Total Part Build Rating . | . . . . Parts Repaired . | . . . . Time . | . . . . Parts Recycled . | . . . . Recycled Matter . | . . . . Retrieved Matter . | . . . . Retrieved Components 6 | . 6 . . Parts Scanalyzed . | . . . . Part Schematics Acquired . | . . . . Parts Damaged . | . . . . Bothacking | -11 -10 -10 -10 ------------ Run | Scr Mat Min Exi Used RIF Installer . | . . . . Robots Hacked . | . . . . Non-combat . | . . . . Combat . | . . . . Robot Hacks Applied . | . . . . Relay Couplers Released . | . . . . Robots Rewired . | . . . . Allies Hacked . | . . . . Hacks Repelled . | . . . . Allies | -11 -10 -10 -10 -------- Run | Scr Mat Min Exi Total Allies 3 | . . 3 . Largest Group 3 | . . 3 2 Highest-Rated Group 40 | . . 40 24 Highest-Rated Ally 16 | . . 16 16 Total Orders . | . . . . Ally Attacks 22 | . . 14 8 Total Damage 173 | . . 120 53 Kills 4 | . . 3 1 Allies Corrupted . | . . . . Allies Melted . | . . . . Intel | -11 -10 -10 -10 ------- Run | Scr Mat Min Exi Robot Analysis Total 2 | . 2 . . Derelict Logs Recovered 2 | . . 2 . Drone Launches . | . . . . Drone Recoveries . | . . . . Exploration | -11 -10 -10 -10 ------------- Run | Scr Mat Min Exi Turns Passed 2900 | 89 778 950 1083 Spaces Moved 1849 | 76 501 550 722 Core 29 | 3 . . 26 Treads 542 | 3 . 400 139 Legs . | . . . . Wheels 1278 | 70 501 150 557 Hover . | . . . . Flight . | . . . . Fastest Speed 50 | 50 90 130 50 Average Speed 130 | 84 116 166 119 Slowest Speed 180 | 160 130 180 180 Overloaded Moves . | . . . . Propulsion Burnouts . | . . . . Robots Hopped . | . . . . Cave-ins Triggered . | . . . . Exploration Rate (%) 64 | 4 93 93 69 Regions Visited 3 Branch Regions 2 Pre-discovered Areas . | . . . . Known Exits Taken 1 | . 1 . . Unknown Exits Taken 2 | 1 . 1 . Scrap Searched 1 | . . 1 . Spaces Dug . | . . . . Terrain Destroyed 51 | . 44 7 . Melee . | . . . . Projectile . | . . . . AOE 51 | . 44 7 . Terrain Rammed . | . . . . Walls Destroyed . | . . . . Machines Disabled . | . . . . Actions | -11 -10 -10 -10 --------- Run | Scr Mat Min Exi Total 2178 | 89 621 589 879 Wait 126 | . 44 18 64 Move 1846 | 75 500 549 722 Hop . | . . . . Pick Up 38 | 4 16 8 10 Fast Attach 12 | 6 1 . 5 Attach 9 | . 1 2 6 Detach 1 | . . . 1 Swap 15 | . 11 3 1 Drop 36 | . 7 8 21 Fire 95 | 4 41 1 49 Melee . | . . . . Ram . | . . . . Kick . | . . . . Crush . | . . . . Escape Stasis . | . . . . Rewire . | . . . . Trap . | . . . . Miscellaneous . | . . . . Route ------- -11/Scrapyard -10/Materials (discovered 5 exits: [*Mat x3] / *Min x2) -10/Mines (discovered 3 exits: [*Mat x2] / *Exi) -10/Exiles (discovered 1 exit: [*Min]) History --------- Turn | Location | Event 8 | -11/Scrapyard | Discovered new exit (range 14) 90 | -11/Scrapyard | Entered Materials 234 | -10/Materials | Discovered new exit (range 16) 269 | -10/Materials | Discovered new exit (range 14) 318 | -10/Materials | Build established: Mutant 523 | -10/Materials | Discovered new exit (range 16) 750 | -10/Materials | Discovered new exit (range 13) 760 | -10/Materials | Identified exit to Mines 868 | -10/Materials | Entered Mines 868 | -10/Mines | Discovered new exit (range 9) 902 | -10/Mines | Learned location of 1 exit from Materials 991 | -10/Mines | Assisted by bots powering up and referring to "LRC-V3" 1195 | -10/Mines | A weapon hastily lodged in a ceiling crevice suddenly fell to the ground 1366 | -10/Mines | Discovered new exit (range 12) 1373 | -10/Mines | Received a Rocket Launcher from a helpful Derelict 1457 | -10/Mines | Joined a pair of Derelicts in attacking an 0b10 outpost 1669 | -10/Mines | Learned Materials stockpile data 1810 | -10/Mines | Deemed a non-threat by the Exiles lab entrance 1810 | -10/Mines | Discovered new exit (range 5) 1818 | -10/Mines | Entered Exiles 1818 | -10/Exiles | Accompanied by 2 allies 1863 | -10/Exiles | Met 8R-AWN 1894 | -10/Exiles | Met EX-HEX 1944 | -10/Exiles | Met EX-BIN 1964 | -10/Exiles | Aligned with FarCom system 1966 | -10/Exiles | Given EX-Vault access code 2013 | -10/Exiles | Opened EX-Vault 2046 | -10/Exiles | Warned to stay clear of 0b10 Research branches 2083 | -10/Exiles | Met EX-DEC 2156 | -10/Exiles | Discovered new exit (range 10) 2304 | -10/Exiles | Found Lightpack 2.0 2306 | -10/Exiles | Found XL Autogun Array 2310 | -10/Exiles | Found PSU Rigger 2654 | -10/Exiles | Attacked by the Exiles 2794 | -10/Exiles | Core integrity fell below 50% 2882 | -10/Exiles | Released all parts (4) 2887 | -10/Exiles | Core integrity fell below 20% 2900 | -10/Exiles | Lost 9 parts (1p3n1u4w) 2901 | -10/Exiles | Destroyed by 8R-AWN with 8R-AWN's Boregun Last Messages --------------- 02873_ Penetrated by HV Slug. 02873_ HV Slug penetrates Earth. 02877_ Penetrated by HV Slug. 02877_ HV Slug penetrates Earth. 02877_ Penetrated by HV Slug. 02877_ HV Slug penetrates Earth. 02881_ Penetrated by HV Slug. 02881_ HV Slug penetrates Earth. 02881_ Penetrated by HV Slug. 02881_ HV Slug penetrates Earth. 02882_ Released Salvage Targeting Computer. 02882_ Released Lgt. Assault Rifle. 02882_ Released Lgt. Treads. 02883_ Acquired Lgt. Treads. 02886_ Penetrated by HV Slug. 02886_ HV Slug penetrates Wall. 02886_ Penetrated by HV Slug. 02886_ HV Slug penetrates Wall. 02898_ Acquired XL Autogun Array. 02901_ Penetrated by HV Slug. Map ----- +----------------------------------------------------+ | | | | | | | | | ????????????????????????????????????????? | | ????????????????????????????????????????? | | ????????????????????????????????????????? | | ????????????????????????????????????????? | | ????????????????????????????????????????? | | ????????????????????????????????????????? | | ????????????????????????????????????????? | | ????????????????????????????????????????? | | ????????????????????????????????????????? | | ????????????????????????????????????????? | | ????????????????????????????????????????? | | ????????????????????????????????????????? | | ????????????????????????????????????????? | | ????????????????????????????????????????? | | ????????????????????????????????????????? | | ????????????????????????????????????????? | | ????????????????#####???????????????????? | | ???????????????##]]!##??????????????????? | | ???????????????#|! #??????????????????? | | ???????????????#] < #??????????????????? | | ???????????????#/ !###????????????????? | | ???????????????#@ ! #????????????????? | | ???????????????# ##????????????????? | | ???????????????## #?????????????????? | | ????????????????# ##????????????????? | | ????????????????## #????????????##### | | ?????????????????# #######??????#!!! | | ?????????????????# #""##?????# | | ?????????????????## #?????# | | ??????????????????##" ##???## " | | ??????????????????#"" g #####" " | | ??????????????????#### ##" " | | ?????????????????????## # " # | | ??????????????????????#"## # | | ??????????????# ?????####### # | | ????????????????# #???##??### = | | ???????????????????# "##"###" %[ = | | ??????????????????????# !! *%=%!% | | ??????????????????????#! [ ##" % | | ???????????????????####! = "#?#" | | ?????????????????# "! = ##??#" | | ?????????????????### # ! ###???#"# | | ???????????????????# """"""####?????#### | | ????????????????# # # ##???????????# | | ?????????????? ???### ##?????????????? | | ????????????????????? ##???????????????? | +----------------------------------------------------+ Best States ------------- Heat Dissipation 25 Energy Generation 12 Energy Capacity 265 Matter Stores 300 Matter Capacity 300 Sight Range 16 Terrain Scan Density 10 Armor Coverage 150 Evasion (%) 50 Recoil Reduction 2 Salvage Targeting 1 Item Schematics ----------------- None Robot Schematics ------------------ None Fabricated ------------ Nothing Alien Tech Used ----------------- None Achievements -------------- None Challenges ------------ None Game ------ Seed GaussMagneticFalx Manual? 0 Play Time 00:20:12 Cumulative 187.4 hours Start 2021.01.19 @ 18:19:39 End 2021.01.19 @ 18:37:39 Sessions 1 Manual Loads 0 Difficulty Rogue Special Mode None Game No. 63 Rogue 48 Adventurer 15 Explorer 0 Win Type - Total 6 Types 3/0/1/1/1/0/0/0/0 Lore% 82 Gallery% 82 Achievement% 69 Wizard Run 0 Options --------- ASCII 0 Keyboard 0 Movement Numpad Keybinds 0 Fullscreen 1 Font 18/SmallcapsGlow Map View 76x50 Tactical HUD 1 Map Filters NONE Filters NONE Steam 1 RUN: 5ed6273b-5f03-4174-920b-5028ec5480f0